 Dungeon Crawl Stone Soup version 0.31-a0-204-g7da18cac08 (webtiles) character file.

Game seed: 7100345401378752655

37 qw the Shooter (level 3, -1/20 HPs)
             Began as a Deep Elf Hunter on June 27, 2023.
             Slain by a gnoll
             ... wielding a +0 whip
              (3 damage)
             ... on level 2 of the Dungeon.
             The game lasted 00:00:24 (941 turns).

qw the Shooter (Deep Elf Hunter)                     Turns: 941, Time: 00:00:24

Health: -1/20      AC:  4    Str: 10    XL:     3   Next: 23%
Magic:  5/5        EV: 12    Int: 13    God:
Gold:   66         SH:  0    Dex: 18    Spells: 2/2 levels left

rFire   . . .        Y - +0 shortbow
rCold   . . .        (shield currently unavailable)
rNeg    . . .        c - +0 leather armour
rPois   .            (no helmet)
rElec   .            (no cloak)
rCorr   .            (no gloves)
SInv    .            g - +0 pair of boots
Will    +....        (no amulet)
Stlth   ++           e - ring of willpower
HPRegen 0.23/turn    (no ring)
MPRegen 0.09/turn

%: no passive effects
@: no status effects
A: no striking features
a: no special abilities


You were on level 2 of the Dungeon.
You visited 1 branch of the dungeon, and saw 2 of its levels.

You collected 66 gold pieces.


   Skills:
 - Level 1.5 Fighting
 + Level 6.8 Ranged Weapons
 - Level 2.4 Dodging
 - Level 1.2 Stealth


You had 2 spell levels left.
You didn't know any spells.
Your spell library was empty.

Inventory:

Hand Weapons
 Y - a +0 shortbow (weapon)
Armour
 c - a +0 leather armour (worn)
 g - a +0 pair of boots (worn)
Jewellery
 b - a ring of protection from cold
 e - a ring of willpower (left hand)
Scrolls
 f - a scroll of enchant armour {unknown}
Potions
 a - a potion of resistance {unknown}
 d - 2 potions of curing {unknown}
 h - a potion of might {unknown}

Dungeon Overview and Level Annotations

Branches:
Dungeon (2/15)

Altars:


Message History

The gnoll hits the plant with a +0 whip.
The plant begins to die.
The gnoll hits the plant with a +0 whip!
The gnoll hits the plant with a +0 flail!
The plant begins to die.
The gnoll hits the plant with a +0 whip!
The plant begins to die.
The gnoll hits the plant with a +0 whip.
The gnoll hits the plant with a +0 flail.
The gnoll hits the plant with a +0 whip! x2
A nearby plant withers and dies.
The gnoll hits the plant with a +0 flail!
The gnoll completely misses the plant.
A nearby plant withers and dies. x2
You shoot an arrow.
The arrow hits the gnoll but does no damage.
A nearby plant withers and dies. x3
You shoot an arrow. The arrow hits the gnoll.
The gnoll is lightly wounded.
You shoot an arrow.
The arrow hits the gnoll but does no damage.
The gnoll is lightly wounded.
You shoot an arrow. The arrow closely misses the gnoll.
The arrow barely misses the gnoll.
The arrow hits the plant.
The plant begins to die.
The plant is lightly damaged.
The gnoll hits you with a +0 flail.
You shoot an arrow. The arrow hits the gnoll.
The gnoll is moderately wounded.
The gnoll barely misses you.
You shoot an arrow. The arrow hits the gnoll.
The gnoll is heavily wounded.
The gnoll hits you with a +0 flail! The gnoll hits you with a +0 whip!
The gnoll barely misses you.
You shoot an arrow. The arrow barely misses the gnoll.
The arrow hits the plant but does no damage.
The plant is lightly damaged.
A nearby plant withers and dies.
The gnoll barely misses you. The gnoll hits you with a +0 whip. x2
You die...

#.........#
#.........#
#.........#
#.........#
#####.........#
...........)..#
..........########
..........'.......
#....g@..########
......gg..########
.>................
......####.#########
..P...+.............
......#####.########
..... #..# ########
...P. ##.####.......
#............


You could see 3 gnolls.

Vanquished Creatures
  2 ball pythons (D:1)
  4 bats
  2 endoplasms (D:1)
  2 giant cockroaches (D:2)
  3 goblins (D:1)
  3 hobgoblins
  3 jackals (D:1)
  5 kobolds
  2 quokkas (D:1)
  A frilled lizard (D:1)
  4 rats (D:1)
31 creatures vanquished.

Notes
Turn   | Place    | Note
-------+----------+-------------------------------------------
     0 | D:1      | qw the Deep Elf Hunter began the quest for the Orb.
     0 | D:1      | Reached XP level 1. HP: 12/12 MP: 3/3
     0 | D:1      | 0 ||| qw: Version: 0.3-a-22-g0ed2b0b
     0 | D:1      | 0 ||| qw: Game counter: 6483
     0 | D:1      | 0 ||| qw: Melee chars always use a shield: true
     0 | D:1      | 0 ||| qw: God list: Okawaru
     0 | D:1      | 0 ||| qw: Allow faded altars: false
     0 | D:1      | 0 ||| qw: Do Orc after clearing Dungeon:15 true
     0 | D:1      | 0 ||| qw: Do second Lair branch before Depths: true
     0 | D:1      | 0 ||| qw: Lair rune preference: random
     0 | D:1      | 0 ||| qw: Goals: Normal
     0 | D:1      | 0 ||| PLANNING D:1-11
    51 | D:1      | Reached skill level 6 in Ranged Weapons
    51 | D:1      | Reached XP level 2. HP: 14/16 MP: 4/4
   558 | D:1      | Reached XP level 3. HP: 18/20 MP: 5/5
   733 | D:1      | 733 ||| UPGRADING to +0 pair of boots.
   738 | D:1      | 738 ||| UPGRADING to ring of willpower.
   739 | D:1      | 739 ||| READING scroll labelled PIN FIWAM.
   740 | D:1      | 740 ||| READING scroll labelled OQOPRE SIRET.
   741 | D:1      | 741 ||| READING scroll labelled OJONEEDAWK.
   744 | D:1      | 744 ||| DROPPING scroll of butterflies.
   940 | D:2      | HP: 4/20 [gnoll/+0 whip (7)]
   941 | D:2      | Slain by a gnoll

Levels and vault maps discovered:
D:1:      saegor_arrival_miasma, layout_loops_ring, minivault_4
D:2:      layout_basic, nicolae_grassy_gnolls

Skill      XL: |  1 |
---------------+----+-----
Ranged Weapons | 6 |  6.8
Fighting       | |  1.5
Dodging        | |  2.4
Stealth        | |  1.2

Action                     || total
---------------------------++-------
   Fire: Shortbow          ||    91
    Use: Scroll            ||     3
 Armour: Leather armour    ||     7
  Dodge: Dodged            ||    23

Table legend:
 A = Non-vault XP
 B = Vault XP
 C = Vault XP percentage of total XP
 D = Non-vault monster count
 E = Vault monster count
 F = Vault count percentage of total count
                 A         B        C        D         E       F
            +---------+---------+-------+---------+---------+-------
      Total |      54 |       0 |   0.0 |      31 |       0 |   0.0
            +---------+---------+-------+---------+---------+-------
        D:1 |      43 |       0 |   0.0 |      25 |       0 |   0.0
        D:2 |      11 |       0 |   0.0 |       6 |       0 |   0.0
            +---------+---------+-------+---------+---------+-------
